 Dungeon Crawl Stone Soup version 0.28-a0-828-g0121872642 (webtiles) character file.

Game seed: 2695888262626329207

158 meatgazer the Skirmisher (level 5, 0/37 HPs)
             Began as a Demonspawn Abyssal Knight on Nov 10, 2021.
             Was a Believer of Lugonu.
             Slain by Crazy Yiuf (9 damage)
             ... on level 3 of the Dungeon.
             The game lasted 00:04:17 (2604 turns).

meatgazer the Skirmisher (DsAK)                     Turns: 2604, Time: 00:04:19

Health: 0/37       AC: 10    Str: 22    XL:     5   Next: 16%
Magic:  7/7        EV: 10    Int: 11    God:    Lugonu [**....]
Gold:   224        SH:  0    Dex: 14    Spells: 4/4 levels left

rFire   . . .      SeeInvis .   a - +1 mace
rCold   . . .      Faith    .   (no shield)
rNeg    . . .      Spirit   .   i - +0 scale mail
rPois   .          Reflect  .   h - +1 helmet
rElec   .          Harm     .   (no cloak)
rCorr   .          Rampage  .   (no gloves)
Will    .....                   (no boots)
Stlth   ..........              (no amulet)
HPRegen 0.12/turn               c - +6 ring of strength
MPRegen 0.10/turn               (no ring)

@: mighty, hasted, very quick
A: hooves 2, thin metallic scales 1, frail 1, strong 1
a: Renounce Religion, Depart the Abyss, Bend Space


You were on level 3 of the Dungeon.
You worshipped Lugonu.
Lugonu was pleased with you.
You visited 1 branch of the dungeon, and saw 3 of its levels.
You visited the Abyss 1 time.

You collected 224 gold pieces.

Inventory:

Hand Weapons
 a - a +1 mace (weapon)
Armour
 h - a +1 helmet (worn)
 i - a +0 scale mail (worn)
Magical Staves
 d - a staff of air
Jewellery
 c - a +6 ring of strength (left hand)
Wands
 l - a wand of iceblast (8)
Scrolls
 b - a scroll of magic mapping
 f - a scroll of holy word
Potions
 e - 3 potions of curing
 g - a potion of magic {unknown}
 k - a potion of ambrosia {unknown}
 m - 3 potions of might
 n - a potion of lignification {unknown}


   Skills:
 + Level 4.2 Fighting
 + Level 3.2 Maces & Flails
 - Level 2.0 Armour
 - Level 1.3 Dodging
 - Level 0.1 Stealth
 * Level 3.7 Invocations


You had 4 spell levels left.
You didn't know any spells.
Your spell library contained the following spells:

 Spells                   Type           Power      Damage    Failure   Level
 Magic Dart               Conj           0%         1d3       67%         1
 Slow                     Hex            0%         N/A       67%         1
 Searing Ray              Conj           0%         2d4       80%         2
 Confusing Touch          Hex            0%         N/A       95%         3
 Dazzling Flash           Conj/Hex       0%         N/A       95%         3
 Portal Projectile        Hex/Tloc       0%         N/A       95%         3
 Fulminant Prism          Conj/Hex       0%         3d6       100%        4
 Yara's Violent Unravell  Hex/Tmut       0%         3d3       100%        5


Dungeon Overview and Level Annotations

Branches:
Dungeon (3/15)

Altars:
Okawaru

Annotations:
D:3 Crazy Yiuf


Innate Abilities, Weirdness & Mutations

You have hoof-like feet.
You are partially covered in thin metallic scales. (AC +2)
You are frail. (-10% HP)
Your muscles are strong. (Str +2)


Message History

You are more poisoned.
The adder poisons you! The adder barely misses you.
You hit the adder.
You kill the adder!
Lugonu accepts your kill.
You feel sick.
You feel sick.
You see here an adder corpse.
You start resting.
You feel sick. x4
You are no longer poisoned.
You start resting.
HP restored.
You start waiting.
Done waiting.
e - 3 fizzy ruby potions (gained 1)
As you read the scroll of identify, it crumbles to dust.
e - 3 potions of curing It was a potion of might.
You feel very mighty all of a sudden.
Unknown command.
You see here an adder skeleton.
There is an open door here.
You open the door.
There is an open door here.
Found a mace.
Found a runed translucent door.
Crazy Yiuf shouts!
You open the door. You sock Crazy Yiuf! You kick Crazy Yiuf.
Crazy Yiuf is severely wounded.
Crazy Yiuf hits you with a +2 quarterstaff of chaos.
You are electrocuted!
Crazy Yiuf hits you with a +2 quarterstaff of chaos.
You feel yourself speed up.
Your scale mail prevents you from hitting Crazy Yiuf.
You kick Crazy Yiuf.
Crazy Yiuf is almost dead.
Crazy Yiuf hits you with a +2 quarterstaff of chaos!
* * * LOW HITPOINT WARNING * * *
You convulse!
You die...

#....###.#
#....# #.#
♣....♣ #.#
♣♣...♣ #.# *####
♣♣.♣♣
#.######....
♣♣.♣
#...........
♣.♣♣
####'.>.....
♣♣.♣ ##.......
♣@♣♣ #.......
*#g#* #.......
*...* #.......
#...# #.......
#)..# ##'#....
#####
######.#....
#......#####
#####......+....
#..........#####


You could see Crazy Yiuf.

Vanquished Creatures
  An orc priest (D:3)
  Jessica (D:2)
  An orc wizard (D:3)
  2 adders (D:3)
  2 dart slugs
  An orc (D:3)
  9 ball pythons
  5 endoplasms
  A giant cockroach (D:2)
  7 goblins
  6 hobgoblins
  2 quokkas
  7 bats (D:1)
  2 frilled lizards (D:1)
  3 kobolds
  4 rats
54 creatures vanquished.

Notes
Turn   | Place    | Note
-------+----------+-------------------------------------------
     0 | Abyss:1  | meatgazer the Demonspawn Abyssal Knight began the quest for
                  | the Orb.
     0 | Abyss:1  | Reached XP level 1. HP: 18/18 MP: 2/2
     0 | Abyss:1  | Found a corrupted altar of Lugonu.
    76 | Abyss:1  | Noticed an ancient zyme
    90 | Abyss:1  | Noticed a will-o-the-wisp
    91 | Abyss:1  | Found a corrupted altar of Lugonu.
   152 | Abyss:1  | Noticed a raiju
   153 | Abyss:1  | Gained mutation: You are frail. (-10% HP) [potion of
                  | mutation]
   153 | Abyss:1  | Gained mutation: Your muscles are strong. (Str +2) [potion
                  | of mutation]
   154 | D:1      | Escaped the Abyss
   330 | D:1      | Gained mutation: You are partially covered in thin metallic
                  | scales. (AC +2) [demonic ancestry]
   330 | D:1      | Reached XP level 2. HP: 21/21 MP: 3/3
   353 | D:1      | Reached * piety under Lugonu
   791 | D:1      | Gained mutation: You have large cloven feet. [demonic
                  | ancestry]
   791 | D:1      | Reached XP level 3. HP: 27/27 MP: 4/4
   836 | D:1      | Found a faded altar of an unknown god.
  1182 | D:2      | Reached skill level 1 in Dodging
  1228 | D:2      | Noticed Jessica
  1238 | D:2      | Killed Jessica
  1239 | D:2      | Gained mutation: You have hoof-like feet. [demonic
                  | ancestry]
  1239 | D:2      | Reached XP level 4. HP: 18/33 MP: 5/5
  1404 | D:2      | Reached ** piety under Lugonu
  1515 | D:2      | Got the Almanac of Curses
  1630 | D:3      | Found an iron altar of Okawaru.
  1906 | D:3      | Reached skill level 4 in Fighting
  1950 | D:3      | Reached XP level 5. HP: 23/37 MP: 7/7
  2598 | D:3      | Found a runed translucent door.
  2599 | D:3      | Noticed Crazy Yiuf
  2604 | D:3      | Slain by Crazy Yiuf

Illustrated notes

Levels and vault maps discovered:
D:1:      matt_arrival_grand_opening, layout_basic,
          dreamdust_ecumenical_altar_angels_and_demons,
          chequers_serial_rivers_room_a
D:2:      layout_rooms, uniq_jessica
D:3:      layout_basic, amcnicky_altar_gilded, uniq_crazy_yiuf_cottage

Skill      XL: |  1  2  3  4 |
---------------+-------------+-----
Maces & Flails | 2 3 |  3.2
Dodging        | 1 |  1.3
Armour         | 2 |  2.0
Fighting       | 4 |  4.2
Invocations    | 3 |  3.7
Stealth        | |  0.1

Action                   |  1- 3 |  4- 6 || total
-------------------------+-------+-------++-------
Melee: Mace              |    74 |    47 ||   121
       Kick              |     7 |    13 ||    20
Invok: Depart the Abyss  |     1 |       ||     1
  Use: Scroll            |     4 |     2 ||     6
       Potion            |     1 |     1 ||     2
 Stab: Sleeping          |     1 |       ||     1
Armor: Leather armour    |    33 |       ||    33
       Scale mail        |     2 |    22 ||    24
Dodge: Dodged            |    63 |    16 ||    79

Table legend: (Time is in decaauts)
 A = Elapsed time spent in this place.
 B = Non-inter-level travel time spent in this place.
 C = Inter-level travel time spent in this place.
 D = Time resting spent in this place.
 E = Time spent auto-exploring this place.
 F = Levels seen in this place.
 G = Mean time per level.
                   A        B        C        D        E       F      G
               +--------+--------+--------+--------+--------+-----+--------+
         Total |   2639 |   2593 |     46 |    473 |   1700 |   4 |  659.8 |
       Dungeon |   2482 |   2436 |     46 |    473 |   1575 |   3 |  827.3 |
         Abyss |    157 |    157 |      0 |      0 |    125 |   1 |  157.0 |
               +--------+--------+--------+--------+--------+-----+--------+

Top non-repeatable levels by time:
     D:3: 981 daAuts
     D:1: 969 daAuts
     D:2: 530 daAuts
 Abyss:1: 157 daAuts
